AoeStats
← panchoqlo16

African Clearing

510423794Analyzed
4v4 RM · 2d ago on Sep 30, 2026· 73m 17s· 8 players
Game mode
Random Map
Map size
Large (8 player)
Population
200
Speed
Normal
Resources
Standard
Victory
Conquest
Starting age
Dark Age
Ending age
Imperial Age
RankedLock teamsTeams togetherTeam positionsShared explorationLock speedFull tech treeHidden civsTurbo modeCheats
Victory
Defeat
🇧🇷 Byzantines · Brazil
1225
+13
🇧🇷 Khmer · Brazil
1171
+15
🇧🇷 Cumans · Brazil
1170
+15
🇧🇷 Poles · Brazil
1134
+17
🇨🇱 Huns · Chile
1235
-18
🇨🇱 Tupi · Chile
1210
-17
🇨🇱 Chinese · Chile
1193
-17
🇨🇱 Byzantines · Chile
963
-16
PumAge | Mr.9988
4:35 Loom
14:27 Feudal Age
16:00 Double-Bit Axe
21:55 Castle Age
21:02 Fletching
21:48 Gold Mining
23:41 Crossbowman
29:40 Bow Saw
32:15 Bodkin Arrow
34:00 Thumb Ring
46:21 Fervor
46:32 Sanctity
47:24 Town Watch
50:46 Town Patrol
58:51 Husbandry
59:59 Light Cavalry
65:49 Bloodlines
66:20 Squires
67:11 Man-at-Arms
67:37 Arson
70:25 Scale Barding Armor
70:32 Forging
71:43 Caravan
PumAge | kibghostt
8:05 Loom
11:56 Feudal Age
12:23 Double-Bit Axe
12:20 Horse Collar
24:06 Castle Age
22:43 Scale Barding Armor
24:29 Bloodlines
25:10 Chain Barding Armor
24:54 Husbandry
25:55 Wheelbarrow
25:36 Bow Saw
26:59 Heavy Plow
29:02 Forging
32:11 Iron Casting
34:34 Hand Cart
39:33 Imperial Age
38:28 Light Cavalry
39:25 Caravan
40:03 Cavalier
41:30 Plate Barding Armor
41:56 Blast Furnace
41:51 Paladin
48:44 Hussar
49:47 Conscription
50:57 Elite Tarkan
51:39 Marauders
52:00 Scale Mail Armor
52:01 Squires
51:22 Pikeman
54:00 Fletching
54:11 Padded Archer Armor
54:27 Chain Mail Armor
57:04 Thumb Ring
63:32 Halberdier
65:01 Elite Skirmisher
panchoqlo16
16:18 Loom
18:29 Feudal Age
20:06 Double-Bit Axe
20:20 Gold Mining
24:47 Castle Age
22:47 Stone Mining
23:27 Padded Archer Armor
23:18 Fletching
25:19 Scale Barding Armor
25:25 Forging
26:18 Husbandry
27:04 Wheelbarrow
28:03 Chain Barding Armor
29:32 Iron Casting
33:38 Gold Shaft Mining
33:38 Stone Shaft Mining
39:36 Hand Cart
46:50 Imperial Age
48:00 Elite Cataphract
49:19 Heavy Camel Rider
53:46 Plate Barding Armor
56:31 Logistica
60:53 Elite Skirmisher
PumAge | carlomagno
14:14 Feudal Age
15:21 Loom
18:11 Castle Age
16:56 Double-Bit Axe
19:06 Bow Saw
22:17 Fletching
23:23 Bodkin Arrow
27:15 Ballistics
28:32 Wheelbarrow
32:34 Padded Archer Armor
32:35 Town Watch
34:40 Hand Cart
37:30 Imperial Age
37:17 Leather Archer Armor
37:03 Horse Collar
37:14 Stone Mining
37:24 Gold Mining
38:36 Conscription
39:37 Chemistry
40:47 Elite Blackwood Archer
42:28 Caravan
45:06 Curare
45:59 Arrowslits
46:16 Bracer
50:57 Ring Archer Armor
55:52 Town Patrol
55:59 Heavy Plow
57:01 Two-Man Saw
57:03 Gold Shaft Mining
57:27 Hoardings
62:57 Champi Runner
63:38 Squires
63:52 Arson
64:09 Scale Mail Armor
64:19 Forging
63:31 Champi Warrior
64:41 Elite Champi Warrior
SirT_d0mb++
3:59 Loom
15:00 Feudal Age
18:38 Double-Bit Axe
20:07 Wheelbarrow
19:18 Town Watch
23:16 Horse Collar
24:03 Fletching
28:07 Castle Age
26:53 Padded Archer Armor
28:31 Elite Skirmisher
29:28 Leather Archer Armor
31:07 Gold Mining
31:08 Stone Mining
32:15 Ballistics
35:45 Bodkin Arrow
36:49 Forging
37:11 Scale Barding Armor
37:50 Bloodlines
43:58 Bow Saw
44:00 Heavy Plow
47:12 Imperial Age
45:30 Gold Shaft Mining
44:35 Light Cavalry
46:35 Iron Casting
46:22 Chain Barding Armor
48:50 Ring Archer Armor
48:38 Hand Cart
49:49 Two-Man Saw
49:08 Cavalier
51:33 Crop Rotation
51:19 Hussar
58:02 Conscription
57:51 Steppe Husbandry
58:30 Plate Barding Armor
58:55 Blast Furnace
62:50 Chemistry
72:09 Caravan
SirT_LaGzero
5:05 Loom
13:25 Feudal Age
14:04 Double-Bit Axe
19:56 Castle Age
18:00 Gold Mining
18:27 Bloodlines
18:24 Scale Barding Armor
18:36 Forging
23:41 Husbandry
25:34 Wheelbarrow
25:58 Horse Collar
27:39 Szlachta Privileges
29:01 Chain Barding Armor
29:06 Bow Saw
29:46 Fletching
30:52 Iron Casting
30:24 Town Watch
38:13 Bodkin Arrow
42:08 Heavy Plow
45:16 Imperial Age
44:07 Hand Cart
44:42 Murder Holes
45:20 Ballistics
45:00 Pikeman
45:41 Cavalier
47:15 Conscription
47:20 Masonry
54:28 Scale Mail Armor
55:39 Blast Furnace
54:33 Elite Obuch
55:38 Town Patrol
56:50 Hoardings
59:12 Light Cavalry
60:25 Winged Hussar
62:09 Caravan
64:53 Chemistry
65:08 Coinage
64:47 Bracer
68:25 Chain Mail Armor
cafifi(*_*)#
11:52 Loom
13:55 Feudal Age
14:52 Double-Bit Axe
15:46 Wheelbarrow
16:01 Horse Collar
18:50 Castle Age
16:54 Horse Collar
22:57 Stone Mining
26:46 Stone Shaft Mining
28:01 Heavy Plow
28:15 Town Watch
31:39 Gold Mining
32:10 Husbandry
44:25 Imperial Age
41:50 Fletching
43:55 Ballistics
43:47 Masonry
43:37 Bodkin Arrow
43:44 Padded Archer Armor
53:12 Bracer
54:03 Elite Ballista Elephant
56:32 Leather Archer Armor
55:54 Pikeman
57:25 Halberdier
58:53 Arson
59:10 Scale Mail Armor
59:27 Forging
60:40 Chain Mail Armor
61:08 Crop Rotation
64:07 Chemistry
65:22 Double Crossbow
65:39 Man-at-Arms
66:41 Scale Barding Armor
67:12 Iron Casting
67:08 Ring Archer Armor
67:12 Architecture
67:28 Long Swordsman
68:41 Conscription
68:13 Two-Handed Swordsman
70:06 Blast Furnace
69:26 Chain Barding Armor
69:52 Caravan
70:22 Coinage
72:29 Banking
72:29 Hand Cart
72:15 Town Patrol
71:48 Sappers
72:54 Hoardings
73:35 Bow Saw
74:06 Gold Shaft Mining
SirT_Hanomontano
12:36 Feudal Age
10:52 Loom
16:59 Castle Age
15:25 Double-Bit Axe
21:01 Horse Collar
26:57 Scale Barding Armor
27:18 Forging
29:08 Chain Barding Armor
30:32 Iron Casting
34:04 Pikeman
36:33 Fletching
37:35 Bodkin Arrow
38:28 Wheelbarrow
40:33 Bow Saw
45:01 Imperial Age
42:58 Padded Archer Armor
43:23 Ballistics
42:43 Crossbowman
44:01 Thumb Ring
44:16 Leather Archer Armor
44:50 Scale Mail Armor
45:02 Arbalester
45:48 Bracer
46:16 Halberdier
47:16 Chain Mail Armor
48:40 Ring Archer Armor
51:03 Chemistry
51:09 Two-Man Saw
53:17 Plate Mail Armor
53:27 Capped Ram
62:16 Siege Ram
67:03 Plate Barding Armor
66:30 Heavy Plow
70:03 Hand Cart
Connection lost

Rejoining the realm…

Still unreachable

The connection could not be restored.

Session expired

The server has moved on; the page needs a fresh start.